 Dungeon Crawl Stone Soup version 0.17-a0-155-g14e20c2 (webtiles) character file.

160609 HAL9000 the Shatterer (level 17, 0/191 HPs)
             Began as an Ogre Hunter on Mar 25, 2015.
             Was the Champion of Trog.
             Slain by a redback (11 damage)
             ... summoned by a shadow trap
             ... triggered by the player character
             ... while paralysed by a hornet
             ... on level 2 of the Spider Nest.
             The game lasted 02:13:03 (34734 turns).

HAL9000 the Shatterer (Ogre Hunter)                Turns: 34734, Time: 02:13:04

Health: 0/191      AC:  8    Str: 24    XL:     17   Next: 76%
Magic:  29/29      EV:  1    Int: 10    God:    Trog [******]
Gold:   1457       SH:  0    Dex: 14    Spells: 0 memorised, 16 levels left

rFire  . . .     SeeInvis .     V - +10 giant spiked club of Dividends {god gift, freeze, Str+2}
rCold  . . .     Clarity  .     y - +1 robe {rN+}
rNeg   + . .     SustAb   .     (no shield)
rPois  .         Gourm    .     L - +2 hat
rElec  .         Spirit   .     H - +1 cloak
rCorr  .         Warding  .     (gloves unavailable)
rMut   .         Stasis   .     (boots unavailable)
MR     ++...                    K - amulet of regeneration
Stlth  +.........               r - +3 ring of evasion
                                Y - ring of protection from magic

@: confused, paralysed, lethally poisoned (0 -> -74), slowed, very resistant to
hostile enchantments, very unstealthy
A: unfitting armour, claws 1, horns 1, tough skin 1
a: Burn Spellbooks, Berserk, Trog's Hand, Brothers in Arms, Renounce Religion


You were on level 2 of the Spider Nest.
You worshipped Trog.
Trog was exalted by your worship.
You were very hungry.

You visited 5 branches of the dungeon, and saw 30 of its levels.
You also visited: Bailey and Ice Cave.

You collected 3253 gold pieces.
You spent 1796 gold pieces at shops.

Inventory:

Hand weapons
 I - a +3 antimagic giant spiked club {god gift}
 V - the +10 giant spiked club of Dividends (weapon) {god gift, freeze, Str+2}
   (Trog gifted it to you on level 3 of the Lair of Beasts)

   It has been specially enchanted to freeze those struck by it, causing extra
   injury to most foes and up to half again as much damage against particularly
   susceptible opponents.
   It can also slow down cold-blooded creatures.
   It affects your strength (+2).
Missiles
 b - 29 large rocks (quivered)
 n - 8 poisoned javelins
 t - 16 javelins of penetration
 A - 40 tomahawks of returning
 C - 5 javelins
 G - 5 steel javelins
 J - 2 silver javelins
 W - a throwing net
Armour
 y - a +1 robe of positive energy (worn)
 H - a +1 cloak (worn)
 L - a +2 hat (worn)
 P - a +0 hat of cold resistance
Jewellery
 l - a +4 ring of strength
 r - a +3 ring of evasion (right claw)
 x - an uncursed ring of fire
 K - an amulet of regeneration (around neck)
 S - an uncursed ring of teleport control
 X - an uncursed ring of flight
 Y - a ring of protection from magic (left claw)
Magical devices
 j - a wand of draining (7)
 s - a wand of heal wounds (5)
 D - a wand of digging (12)
Scrolls
 d - 3 scrolls of fear
 m - 8 scrolls of teleportation
 u - 7 scrolls of blinking
 w - 8 scrolls of magic mapping
 B - a scroll of enchant weapon
 N - 10 scrolls of fog
 O - 20 scrolls of remove curse
Potions
 p - 3 potions of cancellation
 q - 12 potions of curing
 v - 2 potions of resistance
 z - 2 potions of haste
 E - 6 potions of heal wounds
 F - 2 potions of invisibility
 M - 2 potions of brilliance
 Q - a potion of flight
 T - 3 potions of might
 U - 2 potions of berserk rage
 Z - 2 potions of magic
Miscellaneous
 h - a sack of spiders
 k - a lamp of fire
Comestibles
 f - 13 meat rations
 o - 17 beef jerkies
 R - 2 slices of pizza


   Skills:
 + Level 17.0 Fighting
 - Level 23.0 Maces & Flails
 - Level 12.2 Throwing
 + Level 5.4 Armour
 + Level 11.1 Dodging
 - Level 0.7 Stealth
 + Level 8.9 Evocations


You had 16 spell levels left.
You didn't know any spells.

Dungeon Overview and Level Annotations

Branches:
Dungeon (15/15)            Temple (1/1) D:4            Lair (8/8) D:11
 Shoals (0/5) Lair:6       Spider (2/5) Lair:6        Slime (0/6) Lair:7
    Orc (4/4) D:12            Elf (0/3) Orc:3        Vaults (0/5) D:13
 Depths (0/5) D:15

Altars:
Ashenzari
Cheibriados
Dithmenos
Elyvilon
Fedhas
Gozag
Kikubaaqudgha
Makhleb
Nemelex Xobeh
Okawaru
Qazlal
Ru
Sif Muna
Trog
Vehumet
Xom
Yredelemnul
Zin
The Shining One

Shops:
D:8 (   D:11 :(%(   Orc:3 !   Orc:4 [?}}


Innate Abilities, Weirdness & Mutations

You are too large for most types of armour.
You have tough skin (AC +1).
You have sharp fingernails.
You have a pair of small horns on your head.


Message History

The tarantella bites you but does no damage.
* * * LOW HITPOINT WARNING * * *
You feel extremely sick.
The demonic crawler hits you but does no damage. x2
The demonic crawler hits you.
* * * LOW HITPOINT WARNING * * *
The redback bites you.
* * * LOW HITPOINT WARNING * * *
The spider bites you but does no damage.
The hornet stings you.
* * * LOW HITPOINT WARNING * * *
You are more poisoned.
You feel as though you will be slow longer.
The tarantella bites you.
* * * LOW HITPOINT WARNING * * *
You are confused.
* * * LOW HITPOINT WARNING * * *
You feel extremely sick. The redback bites you!
You die...

##### ###
##...#####..
#####....#..###.
###.(...##........
###.......##........
#ss.s##.#).##.######
#.s@###.##..########
##yss##....####..##.
#..####..###...(...
#... #####....#..#
##.. ##..##### #..#
##..# #... #...#
###. #...###
##....###


You could see a demonic crawler, a hornet, 2 orb spiders, a tarantella, a
redback and a spider.

Vanquished Creatures
  An Ice Fiend (IceCv)
  Asterion (Spider:1)
  Kirke (Spider:1)
  A fire giant (D:15)
  Gastronok (Lair:1)
  The ghost of nono the Fighter, a powerful DsFi of Ashenzari (Orc:4)
  Snorg (Spider:1)
  5 vault guards (D:13)
  A fire dragon (Lair:8)
  The ghost of trelanon the Grappler, a powerful TrMo of Cheibriados (D:12)
  Josephine (D:15)
  6 hydras
  6 centaur warriors
  A catoblepas (Lair:6)
  3 ogre magi
  6 death yaks (Lair:5)
  2 tengu warriors
  A slime creature (D:14)
  A fire crab (shapeshifter) (D:11)
  4 ice devils (IceCv)
  A fire crab (Lair:6)
  2 deep trolls (Orc:4)
  2 unseen horrors
  A giant orange brain (D:15)
  5 hill giants
  3 ice statues
  2 orc knights
  3 ugly things
  3 oklob plants
  2 salamanders (Lair:3)
  5 wolf spiders
  A lindwurm (Spider:1)
  5 cyclopes
  3 orb spiders
  2 orc sorcerers (Orc:1)
  2 griffons
  11 elephants
  The ghost of karlm the Covered, an experienced GrFi of Okawaru (D:6)
  3 black mambas
  2 manticores
  A torpor snail (Spider:2)
  A molten gargoyle (Lair:3)
  An orange demon (Orc:1)
  3 gargoyles
  7 komodo dragons
  11 spiny frogs
  8 blue devils (IceCv)
  4 fire drakes
  A wandering mushroom (Lair:7)
  3 demonic crawlers
  A freezing wraith (Lair:5)
  A tengu conjurer (D:13)
  13 trolls
  10 polar bears
  A fire vortex (Lair:3)
  10 two-headed ogres
  13 jumping spiders
  A raiju (Lair:8)
  35 blink frogs
  4 trapdoor spiders (Spider:2)
  4 ravens (D:15)
  4 boulder beetles
  49 yaks
  2 basilisks
  8 tarantellas
  4 redbacks
  A spriggan (D:8)
  3 water elementals (D:12)
  5 wraiths (D:15)
  13 hippogriffs
  2 deep elf magi
  7 fire bats (Lair:3)
  7 hogs (Spider:1)
  2 deep elf fighters (D:13)
  30 wolves
  4 hungry ghosts
  2 shadows
  6 vampire mosquitoes
  A steam dragon (Lair:8)
  11 wargs
  5 mottled dragons
  20 water moccasins
  19 black bears
  2 swamp drakes (Lair:8)
  5 porcupines
  3 spiders
  37 orc warriors
  2 wasps
  15 ice beasts
  3 eyes of draining
  13 boggarts
  5 hell hounds (Lair:8)
  8 sky beasts
  19 centaurs
  2 necrophages
  24 ogres
  3 phantoms
  2 boring beetles
  2 big kobolds
  14 crocodiles
  2 gnoll sergeants
  29 giant frogs
  2 wyvern skeletons
  4 scorpions
  32 wights
  4 jellies
  5 goliath beetles
  7 crimson imps
  3 killer bees (D:14)
  5 centaur zombies
  8 electric eels
  2 quasits
  15 orc priests
  3 giant frog zombies
  24 hounds
  A giant frog skeleton (D:6)
  33 orc wizards
  6 centaur skeletons
  13 iguanas
  12 worker ants
  24 sheep
  A hound zombie (D:9)
  2 hound skeletons
  2 mummies
  9 gnolls
  56 river rats
  28 adders
  5 shadow imps
  20 white imps
  5 giant mites
  4 worms
  9 ufetubi (IceCv)
  3 giant geckos
  3 oozes
  186 orcs
  6 giant cockroaches
  26 hobgoblins
  8 jackals
  14 quokkas
  A ball python (D:3)
  21 bats
  A giant gecko skeleton (D:3)
  A giant gecko zombie (D:8)
  4 giant newts
  A giant spore (D:9)
  35 goblins
  38 kobolds
  16 rats
  4 ballistomycetes (D:9)
  3 fungi
  7 plants
1354 creatures vanquished.

Vanquished Creatures (collateral kills)
  Maud (Lair:3)
  A hill giant (Orc:4)
  A troll (Orc:4)
  A two-headed ogre (Orc:4)
  An ogre (Orc:4)
5 creatures vanquished.

Vanquished Creatures (others)
  A hill giant (Orc:4)
  A jumping spider (Spider:1)
  A two-headed ogre (Lair:2)
  A giant frog skeleton (D:7)
  An adder (Lair:6)
  A white imp (IceCv)
  2 ufetubi (IceCv)
  A bat (D:9)
  A giant spore (D:9)
  A jackal skeleton (D:7)
  3 fungi
14 creatures vanquished.

Grand Total: 1373 creatures vanquished

Notes
Turn   | Place    | Note
--------------------------------------------------------------
     0 | D:1      | HAL9000, the Ogre Hunter, began the quest for the Orb.
     0 | D:1      | Reached XP level 1. HP: 22/22 MP: 1/1
   452 | D:1      | Reached skill level 1 in Maces & Flails
   452 | D:1      | Reached XP level 2. HP: 31/31 MP: 2/2
  1015 | D:1      | Reached XP level 3. HP: 33/37 MP: 3/3
  1462 | D:2      | Found an ancient bone altar of Kikubaaqudgha.
  1603 | D:2      | Found a stormy altar of Qazlal.
  1612 | D:2      | Found a radiant altar of Vehumet.
  2160 | D:3      | Reached XP level 4. HP: 34/45 MP: 4/4
  2580 | D:3      | Found a deep blue altar of Sif Muna.
  2802 | D:3      | Noticed a sky beast
  2815 | D:3      | Killed a sky beast
  2815 | D:3      | Reached XP level 5. HP: 11/54 MP: 5/5
  3627 | D:4      | Reached skill level 5 in Maces & Flails
  3627 | D:4      | Reached XP level 6. HP: 63/63 MP: 6/6
  3809 | D:4      | Found a staircase to the Ecumenical Temple.
  3840 | Temple   | Entered the Ecumenical Temple
  4300 | D:4      | Found a shimmering altar of Xom.
  4521 | D:4      | Reached skill level 5 in Fighting
  4521 | D:4      | Reached skill level 6 in Maces & Flails
  4535 | D:4      | Reached XP level 7. HP: 58/72 MP: 7/7
  4713 | D:4      | Noticed an ogre
  4716 | D:4      | Killed an ogre
  4823 | D:5      | Entered Level 5 of the Dungeon
  4910 | D:5      | Reached skill level 7 in Maces & Flails
  5308 | D:5      | Reached skill level 8 in Maces & Flails
  5902 | Temple   | Became a worshipper of Trog the Wrathful
  6079 | D:6      | Found an ancient bone altar of Kikubaaqudgha.
  6113 | D:6      | Reached XP level 8. HP: 78/80 MP: 8/8
  6136 | D:6      | Reached skill level 9 in Maces & Flails
  6265 | D:6      | Noticed karlm's ghost (experienced GrFi)
  6280 | D:6      | Killed karlm's ghost
  6280 | D:6      | Reached skill level 10 in Maces & Flails
  6587 | D:7      | Reached skill level 11 in Maces & Flails
  6602 | D:7      | Acquired Trog's first power
  6814 | D:7      | Reached skill level 12 in Maces & Flails
  6818 | D:7      | Reached XP level 9. HP: 74/88 MP: 9/9
  6896 | D:7      | Found a burning altar of Makhleb.
  7590 | D:8      | Acquired Trog's second power
  7590 | D:8      | Reached skill level 13 in Maces & Flails
  7693 | D:8      | Found Khi Tao's Antique Weapon Emporium.
  7757 | D:8      | Found a flagged portal.
  7764 | Bailey   | Entered a bailey
  7909 | Bailey   | Reached skill level 5 in Throwing
  8535 | D:8      | Reached skill level 14 in Maces & Flails
  8848 | D:8      | Found a basalt altar of Yredelemnul.
  9225 | D:8      | Reached XP level 10. HP: 21/96 MP: 10/10
  9460 | D:8      | Reached skill level 15 in Maces & Flails
 10042 | D:9      | Found an iron altar of Okawaru.
 10070 | D:9      | Acquired Trog's third power
 10186 | D:9      | Received a gift from Trog
 10558 | D:9      | Noticed a cyan ugly thing
 10737 | D:9      | Reached skill level 16 in Maces & Flails
 10966 | D:9      | Killed a cyan ugly thing
 11036 | D:9      | Reached skill level 5 in Dodging
 11131 | D:9      | Noticed a tengu warrior
 11155 | D:9      | Killed a tengu warrior
 11155 | D:9      | Reached XP level 11. HP: 109/109 MP: 11/11
 11371 | D:9      | Received a gift from Trog
 11652 | D:10     | Entered Level 10 of the Dungeon
 11720 | D:10     | Killed an unseen horror
 11720 | D:10     | Reached skill level 17 in Maces & Flails
 11933 | D:10     | Received a gift from Trog
 12005 | D:10     | Gained mutation: You have a pair of small horns on your head. [potion of beneficial mutation]
 12006 | D:10     | Gained mutation: You have sharp fingernails. [potion of beneficial mutation]
 12239 | D:10     | Found a bloodstained altar of Trog.
 12413 | D:11     | Found Yvvoudias' Weapon Boutique.
 12488 | D:11     | Found Osan's Antique Weapon Emporium.
 12493 | D:11     | Bought a glowing great mace for 162 gold pieces
 12541 | D:11     | Found Maevvam's Food Shoppe.
 12674 | D:11     | Received a gift from Trog
 12686 | D:11     | Found a staircase to the Lair.
 12980 | D:11     | Found a shimmering altar of Xom.
 12980 | D:11     | Found a shimmering altar of Xom.
 12980 | D:11     | Found a shimmering altar of Xom.
 12980 | D:11     | Found a shimmering altar of Xom.
 12981 | D:11     | Found a shimmering altar of Xom.
 12986 | D:11     | Found a shimmering altar of Xom.
 12986 | D:11     | Found a shimmering altar of Xom.
 12986 | D:11     | Found a shimmering altar of Xom.
 12986 | D:11     | Found a shimmering altar of Xom.
 12987 | D:11     | Found a shimmering altar of Xom.
 13309 | D:11     | Found Caori's Book Boutique.
 13535 | D:11     | Noticed a fire crab
 13540 | D:11     | Killed a fire crab
 13540 | D:11     | Reached skill level 18 in Maces & Flails
 13685 | D:11     | Noticed a four-headed hydra
 13689 | D:11     | Killed a four-headed hydra
 13689 | D:11     | Reached XP level 12. HP: 123/126 MP: 12/12
 13738 | Lair:1   | Entered Level 1 of the Lair of Beasts
 13807 | Lair:1   | Noticed Gastronok
 13816 | Lair:1   | Killed Gastronok
 13816 | Lair:1   | Reached skill level 10 in Fighting
 14593 | Lair:1   | Noticed a six-headed hydra
 14601 | Lair:1   | Killed a six-headed hydra
 14682 | Lair:1   | Received a gift from Trog
 14685 | Lair:1   | Got a jewelled battleaxe {god gift}
 14956 | Lair:2   | Reached skill level 1 in Evocations
 14964 | Lair:2   | Reached skill level 19 in Maces & Flails
 15024 | Lair:2   | Found a basalt altar of Yredelemnul.
 15634 | Lair:3   | Noticed an eight-headed hydra
 15639 | Lair:3   | Killed an eight-headed hydra
 16091 | Lair:3   | Received a gift from Trog
 16094 | Lair:3   | Got a fine giant spiked club {god gift}
 16095 | Lair:3   | Identified the +10 giant spiked club of Dividends {god gift, freeze, Str+2} (Trog gifted it to you on level 3 of the Lair of Beasts)
 16125 | Lair:3   | Noticed Maud
 16141 | Lair:3   | Killed Maud
 16185 | Lair:3   | Reached XP level 13. HP: 94/135 MP: 19/19
 16525 | Lair:3   | Reached skill level 20 in Maces & Flails
 17295 | Lair:4   | Received a gift from Trog
 17891 | Lair:4   | Received a gift from Trog
 18429 | Lair:5   | Reached skill level 5 in Evocations
 18871 | Lair:5   | Reached skill level 21 in Maces & Flails
 19326 | Lair:5   | Reached XP level 14. HP: 120/146 MP: 23/23
 19468 | Lair:6   | Found a staircase to the Shoals.
 19496 | Lair:6   | Received a gift from Trog
 20173 | Lair:6   | Found a hole to the Spider Nest.
 20187 | Lair:6   | Reached skill level 10 in Throwing
 20945 | Lair:7   | Identified a scroll of acquirement
 20946 | Lair:7   | Got a bloodstained giant spiked club
 20947 | Lair:7   | Identified the +5 giant spiked club of the Eternal Void {antimagic, Str-4 Int+6} (You acquired it on level 7 of the Lair of Beasts)
 20986 | Lair:7   | Found a staircase to the Slime Pits.
 21257 | Lair:7   | Received a gift from Trog
 21777 | Lair:8   | Entered Level 8 of the Lair of Beasts
 21955 | Lair:8   | Reached XP level 15. HP: 155/163 MP: 24/24
 22060 | Lair:8   | Received a gift from Trog
 22277 | Lair:8   | Received a gift from Trog
 22367 | Lair:8   | Received a gift from Trog
 22374 | Lair:8   | Reached skill level 22 in Maces & Flails
 23110 | Lair:8   | Received a gift from Trog
 23140 | Lair:8   | Reached XP level 16. HP: 174/174 MP: 25/25
 23169 | Lair:8   | Got a dazzling eveningstar
 23170 | Lair:8   | Identified the +8 eveningstar "Grauch" {venom, Stlth+} (You found it on level 8 of the Lair of Beasts)
 23881 | D:12     | Noticed trelanon's ghost (powerful TrMo)
 24151 | D:12     | Killed trelanon's ghost
 24341 | D:12     | Received a gift from Trog
 24443 | D:12     | Got a scintillating granite ring
 24556 | D:12     | Found a staircase to the Orcish Mines.
 25085 | D:13     | Identified the ring "Cyquit" {+/*Tele Dex+4} (You found it on level 12 of the Dungeon)
 25283 | D:13     | Reached skill level 15 in Fighting
 25393 | D:13     | Received a gift from Trog
 25611 | D:13     | Found a gate to the Vaults.
 25929 | D:13     | Reached skill level 23 in Maces & Flails
 26471 | D:14     | Reached skill level 1 in Armour
 26748 | D:14     | Found a blossoming altar of Fedhas.
 26853 | D:14     | Received a gift from Trog
 27326 | D:15     | Entered Level 15 of the Dungeon
 27346 | D:15     | Reached skill level 10 in Dodging
 27385 | D:15     | Found a staircase to the Depths.
 27518 | D:15     | Noticed Josephine
 27520 | D:15     | Killed Josephine
 28863 | Orc:1    | Entered Level 1 of the Orcish Mines
 28995 | D:12     | Received a gift from Trog
 29041 | Orc:1    | Received a gift from Trog
 29371 | Orc:1    | Received a gift from Trog
 29668 | Orc:2    | Received a gift from Trog
 29715 | Orc:2    | Reached XP level 17. HP: 187/187 MP: 27/27
 29854 | Orc:2    | Received a gift from Trog
 30485 | Orc:3    | Found a staircase to the Elven Halls.
 30490 | Orc:3    | Received a gift from Trog
 30549 | Orc:3    | Found Rinidghivaa's Distillery.
 30554 | Orc:3    | Bought 2 potions of curing for 90 gold pieces
 30783 | Orc:4    | Entered Level 4 of the Orcish Mines
 30879 | Orc:4    | Received a gift from Trog
 30918 | Orc:4    | Noticed nono's ghost (powerful DsFi)
 30925 | Orc:4    | Killed nono's ghost
 31059 | Orc:4    | Found Jufa's Gadget Shoppe.
 31062 | Orc:4    | Found Xangui's Armour Shop.
 31228 | Orc:4    | Received a gift from Trog
 31309 | Orc:4    | Found Kluwuvatt's Gadget Shop.
 31311 | Orc:4    | Found Qulafoq's Magic Scroll Boutique.
 31397 | Orc:4    | Bought a wand of heal wounds (5) for 594 gold pieces
 31397 | Orc:4    | Bought a lamp of fire for 440 gold pieces
 31408 | Orc:4    | Bought a scroll of teleportation for 51 gold pieces
 31408 | Orc:4    | Bought a scroll of teleportation for 51 gold pieces
 31408 | Orc:4    | Bought 2 scrolls of fog for 68 gold pieces
 31623 | Orc:4    | Bought a scroll of brand weapon for 340 gold pieces
 32141 | Spider:1 | Entered Level 1 of the Spider Nest
 32258 | Spider:1 | Noticed Kirke
 32284 | Spider:1 | Killed Kirke
 32465 | Spider:1 | Noticed Snorg
 32471 | Spider:1 | Killed Snorg
 32500 | Spider:1 | Noticed Asterion
 32510 | Spider:1 | Killed Asterion
 32692 | Spider:1 | Received a gift from Trog
 32722 | Spider:1 | Found a frozen archway.
 32815 | IceCv    | Entered an ice cave
 32862 | IceCv    | Received a gift from Trog
 33035 | IceCv    | Noticed an Ice Fiend
 33053 | IceCv    | Killed an Ice Fiend
 33053 | IceCv    | Reached skill level 5 in Armour
 33358 | IceCv    | Got a bloodstained demon whip
 33506 | Spider:1 | Identified the +3 demon whip of Qeilluy {venom, rF+} (You found it in an ice cave)
 34730 | Spider:2 | Paralysed by a hornet for 4 turns
 34734 | Spider:2 | Slain by a redback

Action                   |  1- 3 |  4- 6 |  7- 9 | 10-12 | 13-15 | 16-18 || total
-------------------------+-------+-------+-------+-------+-------+-------++-------
Melee: Short sword       |    12 |       |       |       |       |       ||    12
       Whip              |   128 |       |       |       |       |       ||   128
       Mace              |    19 |   135 |     5 |       |       |       ||   159
       Giant club        |       |       |   299 |   299 |       |       ||   598
       Great mace        |       |       |       |   296 |       |       ||   296
       Giant spiked club |       |       |       |     2 |   655 |   992 ||  1649
       Eveningstar       |       |       |       |       |       |    13 ||    13
Throw: Large rock        |     4 |    15 |    26 |    26 |    11 |    36 ||   118
       Throwing net      |       |     3 |     2 |       |       |       ||     5
       Javelin           |       |       |     7 |    68 |    90 |    31 ||   196
       Tomahawk          |       |       |    27 |    32 |       |       ||    59
Invok: Burn Spellbooks   |       |       |     1 |     2 |     3 |     2 ||     8
       Berserk           |       |       |       |     7 |     8 |    10 ||    25
       Trog's Hand       |       |       |       |     3 |     1 |     4 ||     8
       Brothers in Arms  |       |       |       |     2 |       |     1 ||     3
 Abil: Evoke Flight      |       |       |     4 |       |     2 |       ||     6
Evoke: Wand              |       |       |       |       |     1 |       ||     1
  Use: Scroll            |     2 |    10 |    12 |    10 |     5 |    11 ||    50
       Potion            |       |       |       |     3 |     1 |     2 ||     6
 Stab: Sleeping          |     1 |       |     2 |     1 |     5 |     4 ||    13
       Distracted        |       |       |     1 |       |       |       ||     1
  Eat: Chunk             |     4 |     7 |    16 |    30 |    33 |    37 ||   127
       Fruit             |       |       |     4 |     4 |     3 |    11 ||    22
       Pizza             |       |       |       |     4 |     1 |     3 ||     8
       Beef jerky        |       |       |       |       |       |     8 ||     8
